AoeStats
← CrazyBen

Arena

508644412Analyzed
4v4 RM · 8d ago on Sep 23, 2026· 73m 40s· 8 players
Game mode
Random Map
Map size
Large (8 player)
Population
200
Speed
Normal
Resources
Standard
Victory
Conquest
Starting age
Dark Age
Ending age
Imperial Age
RankedLock teamsTeams togetherTeam positionsShared explorationLock speedFull tech treeHidden civsTurbo modeCheats
Victory
Defeat
🇫🇷 Japanese · France
1482
+14
🇬🇧 Saxons · United Kingdom
1464
+14
🇧🇷 Armenians · Brazil
1463
+14
🇨🇱 Mongols · Chile
1454
+15
🇨🇳 Romans · China
1574
-19
🇨🇳 Britons · China
1417
-14
🇧🇦 Persians · Bosnia & Herzegovina
1361
-12
🇹🇼 Khmer · Taiwan
1360
-12
CrazyBen
11:08 Feudal Age
11:51 Double-Bit Axe
15:02 Castle Age
13:25 Horse Collar
15:42 Heavy Plow
15:54 Bow Saw
22:46 Wheelbarrow
23:57 Hand Cart
23:36 Gold Mining
23:37 Stone Mining
24:29 Loom
25:24 Scale Mail Armor
28:00 Imperial Age
25:16 Town Watch
25:23 Pikeman
26:03 Squires
26:49 Chain Mail Armor
26:44 Forging
28:01 Halberdier
29:21 Plate Mail Armor
29:27 Iron Casting
29:54 Chemistry
28:46 Guard Tower
30:23 Coinage
30:36 Yasama
30:57 Conscription
31:34 Ballistics
31:50 Keep
32:52 Blast Furnace
33:37 Two-Man Saw
33:30 Hoardings
32:49 Arrowslits
33:44 Kataparuto
34:43 Banking
47:05 Siege Engineers
47:04 Treadmill Crane
48:20 Man-at-Arms
48:45 Gambesons
56:20 Long Swordsman
62:36 Fletching
63:16 Bodkin Arrow
65:46 Bracer
72:17 Caravan
MAZZUCCO
10:33 Feudal Age
14:36 Castle Age
12:47 Double-Bit Axe
12:54 Horse Collar
15:46 Bow Saw
19:20 Loom
20:34 Sanctity
21:52 Arson
22:24 Forging
23:39 Wheelbarrow
23:46 Iron Casting
28:00 Imperial Age
26:06 Gambesons
26:21 Squires
26:08 Man-at-Arms
26:50 Scale Mail Armor
28:10 Capped Ram
33:32 Siege Ram
36:37 Pikeman
37:42 Halberdier
39:59 Long Swordsman
40:42 Two-Handed Swordsman
42:35 Chain Mail Armor
41:41 Champion
42:45 Conscription
42:39 Fereters
43:53 Hoardings
44:53 Gold Mining
45:05 Heavy Plow
44:49 Onager
48:15 Fervor
48:13 Fletching
48:54 Plate Mail Armor
49:25 Blast Furnace
50:47 Heavy Scorpion
51:40 Bodkin Arrow
54:18 Hand Cart
73:32 Caravan
Not the letter N
10:15 Feudal Age
14:10 Castle Age
12:14 Stone Mining
13:29 Loom
16:17 Gold Mining
18:58 Town Watch
19:43 Fletching
22:49 Double-Bit Axe
23:45 Bodkin Arrow
31:14 Imperial Age
AiM | Ivancio
10:21 Feudal Age
9:27 Loom
14:12 Castle Age
13:48 Double-Bit Axe
13:45 Horse Collar
17:36 Fletching
27:12 Wheelbarrow
26:50 Bow Saw
27:16 Bodkin Arrow
33:25 Imperial Age
31:45 Padded Archer Armor
32:59 Leather Archer Armor
32:49 Scale Barding Armor
34:05 Forging
33:47 Gold Mining
34:33 Bloodlines
34:59 Conscription
34:44 Husbandry
36:12 Elite Skirmisher
37:37 Bracer
38:53 Ballistics
41:43 Chemistry
41:28 Heavy Plow
41:27 Onager
43:51 Siege Onager
45:14 Hand Cart
46:44 Thumb Ring
47:25 Drill
47:33 Siege Engineers
54:39 Elite Mangudai
56:22 Capped Ram
62:10 Gold Shaft Mining
66:34 Pikeman
67:15 Squires
67:16 Scale Mail Armor
67:52 Iron Casting
66:54 Siege Ram
68:17 Chain Mail Armor
70:13 Masonry
70:58 Plate Mail Armor
73:36 Caravan
TW_彰化人
11:35 Feudal Age
14:16 Castle Age
12:26 Horse Collar
12:32 Double-Bit Axe
13:04 Loom
17:10 Heavy Plow
17:21 Bow Saw
20:23 Gold Mining
25:59 Imperial Age
24:11 Stone Mining
24:36 Husbandry
24:47 Bloodlines
27:10 Wheelbarrow
27:18 Wheelbarrow
29:02 Hand Cart
28:36 Town Watch
30:00 Conscription
31:56 Gold Shaft Mining
32:33 Padded Archer Armor
32:39 Scale Barding Armor
32:44 Light Cavalry
34:02 Leather Archer Armor
33:57 Forging
33:59 Elite Ballista Elephant
35:30 Ring Archer Armor
35:39 Fletching
36:31 Elite Battle Elephant
40:12 Chain Barding Armor
40:06 Heavy Scorpion
41:23 Hussar
43:44 Chemistry
43:05 Ballistics
42:16 Capped Ram
45:04 Plate Barding Armor
46:34 Iron Casting
46:37 Crop Rotation
48:22 Siege Engineers
50:00 Blast Furnace
50:52 Capped Ram
54:17 Siege Ram
逸丶然
10:34 Feudal Age
14:07 Castle Age
12:08 Double-Bit Axe
12:09 Horse Collar
18:36 Loom
22:24 Town Watch
25:38 Wheelbarrow
30:47 Imperial Age
29:05 Bow Saw
28:47 Gold Mining
30:16 Fletching
30:53 Bodkin Arrow
31:37 Ballistics
30:46 Crossbowman
31:59 Conscription
32:37 Bracer
33:55 Chemistry
33:51 Padded Archer Armor
34:30 Gold Shaft Mining
34:33 Stone Mining
34:58 Arbalester
37:45 Leather Archer Armor
39:31 Ring Archer Armor
41:11 Yeomen
40:47 Elite Skirmisher
42:33 Man-at-Arms
42:58 Gambesons
43:14 Squires
42:59 Arson
43:16 Scale Mail Armor
43:26 Forging
43:27 Long Swordsman
44:50 Two-Handed Swordsman
45:47 Chain Mail Armor
46:07 Iron Casting
45:32 Champion
47:24 Two-Man Saw
47:37 Plate Mail Armor
52:10 Hoardings
1godi
10:26 Feudal Age
14:06 Castle Age
11:58 Double-Bit Axe
12:56 Horse Collar
14:58 Bow Saw
14:50 Heavy Plow
17:26 Loom
29:16 Wheelbarrow
31:30 Scale Barding Armor
35:38 Imperial Age
34:32 Forging
34:42 Chain Barding Armor
36:35 Iron Casting
37:48 Plate Barding Armor
38:17 Hand Cart
37:48 Town Watch
38:01 Cavalier
38:52 Bloodlines
40:28 Light Cavalry
42:20 Stone Mining
42:22 Gold Mining
42:18 Pikeman
46:01 Two-Man Saw
45:33 Crop Rotation
47:03 Blast Furnace
45:26 Hussar
46:17 Bloodlines
46:07 Husbandry
48:51 Capped Ram
50:57 Fletching
51:57 Scale Mail Armor
52:28 Conscription
52:12 Kamandaran
52:32 Siege Ram
56:04 Chain Mail Armor
57:57 Masonry
57:38 Heated Shot
64:47 Coinage
69:14 Hoardings
69:11 Architecture
69:42 Chemistry
68:47 Heavy Camel Rider
72:31 Bodkin Arrow
73:57 Padded Archer Armor
VIVIAN
10:28 Feudal Age
11:07 Double-Bit Axe
11:05 Horse Collar
12:21 Wheelbarrow
17:03 Castle Age
15:13 Gold Mining
18:24 Bow Saw
18:15 Heavy Plow
18:54 Loom
24:19 Hand Cart
25:03 Town Watch
26:14 Ballistics
26:49 Fletching
27:28 Bodkin Arrow
28:12 Gold Shaft Mining
28:16 Ballistas
31:32 Imperial Age
29:30 Stone Mining
30:05 Masonry
30:08 Town Patrol
32:07 Forging
31:35 Capped Ram
32:42 Conscription
33:06 Crop Rotation
33:44 Scale Barding Armor
34:15 Iron Casting
33:22 Siege Ram
35:55 Chemistry
36:42 Siege Engineers
38:17 Chain Barding Armor
38:58 Blast Furnace
38:00 Elite Centurion
39:01 Comitatenses
38:36 Heavy Scorpion
40:02 Plate Barding Armor
40:31 Bloodlines
40:21 Husbandry
41:51 Light Cavalry
45:05 Architecture
44:31 Murder Holes
46:21 Guilds
48:33 Fortified Wall
65:26 Guard Tower
67:23 Keep
Connection lost

Rejoining the realm…

Still unreachable

The connection could not be restored.

Session expired

The server has moved on; the page needs a fresh start.